 Dungeon Crawl Stone Soup version 0.25.1-1-g288607f5aa (webtiles) character file.

Game seed: 13463450615094310112

110 protoss039 the Vexing (level 4, 0/34 HPs)
             Began as a Gnoll Arcane Marksman on July 23, 2020.
             Succumbed to kobold's curare-tipped dart
             ... on level 3 of the Dungeon.
             The game lasted 00:06:43 (1926 turns).

protoss039 the Vexing (Gnoll Arcane Marksman)       Turns: 1926, Time: 00:06:44

Health: 0/34       AC:  7    Str: 13 (14) XL:     4   Next: 91%
Magic:  8/8        EV: 13    Int: 14 (15) God:
Gold:   105        SH:  0    Dex: 14 (15) Spells: 6/9 levels left

rFire    + . .     SeeInvis .   a - +0 shortbow
rCold    . . .     Gourm    .   (shield currently unavailable)
rNeg     . . .     Faith    .   b - +1 ring mail {rF+}
rPois    .         Spirit   .   (no helmet)
rElec    .         Reflect  .   q - +0 cloak
rCorr    .         Harm     .   (no gloves)
MR       .....                  (no boots)
Stlth    +.........             (no amulet)
HPRegen  0.11/turn              (no ring)
MPRegen  0.11/turn              (no ring)

@: lethally poisoned (0 -> -34), slowed, invisible, very slow
A: distributed training, fangs 1, strong nose
a: no special abilities


You were on level 3 of the Dungeon.
You were not hungry.

You visited 1 branch of the dungeon, and saw 3 of its levels.

You collected 105 gold pieces.

Inventory:

Hand Weapons
 a - a +0 shortbow (weapon)
 c - a +0 dagger of electrocution
 m - a +0 war axe
Missiles
 d - 25 arrows (quivered)
Armour
 b - a +1 ring mail of fire resistance (worn)
 q - a +0 cloak (worn)
Jewellery
 r - a +6 ring of dexterity {unknown}
Wands
 o - a wand of polymorph (11)
Scrolls
 e - 2 scrolls of teleportation {unknown}
 g - a scroll of random uselessness {unknown}
 i - 3 scrolls of enchant weapon {unknown}
 j - 3 scrolls of identify {unknown}
 k - 2 scrolls of immolation {unknown}
 n - 2 scrolls of remove curse {unknown}
Potions
 s - a potion of haste {unknown}
Comestibles
 f - 2 rations


   Skills:
 + Level 2.8 Fighting
 + Level 1.2 Short Blades
 + Level 1.2 Long Blades
 + Level 1.2 Axes
 + Level 1.2 Maces & Flails
 + Level 1.2 Polearms
 + Level 1.2 Staves
 + Level 1.2 Slings
 + Level 4.7 Bows
 + Level 1.2 Crossbows
 + Level 1.2 Throwing
 + Level 1.2 Armour
 + Level 4.7 Dodging
 + Level 1.2 Stealth
 + Level 1.2 Shields
 + Level 1.2 Unarmed Combat
 + Level 3.0 Spellcasting
 + Level 1.0 Conjurations
 + Level 5.5 Hexes
 + Level 1.0 Charms
 + Level 1.0 Summonings
 + Level 1.0 Necromancy
 + Level 1.0 Translocations
 + Level 1.0 Transmutations
 + Level 1.0 Fire Magic
 + Level 1.0 Ice Magic
 + Level 1.0 Air Magic
 + Level 1.0 Earth Magic
 + Level 1.0 Poison Magic
 + Level 1.4 Invocations
 + Level 1.2 Evocations


You had 6 spell levels left.
You knew the following spells:

 Your Spells              Type           Power        Failure   Level  Hunger
a - Corona                Hex            ###....      4%          1    #......
b - Slow                  Hex            ###.....     7%          2    ##.....

Your spell library contained the following spells:

 Spells                   Type           Power        Failure   Level  Hunger
 Inner Flame              Hex/Fire       ##......     34%         3    ###....
 Portal Projectile        Hex/Tloc       ##....       34%         3    ###....
 Cause Fear               Hex            ###.......   43%         4    #####..
 Leda's Liquefaction      Hex/Erth       ##........   75%         4    #####..


Dungeon Overview and Level Annotations

Branches:
Dungeon (3/15)

Altars:
Cheibriados

Annotations:
D:3 3 runed translucent doors, Kold's ghost, weakling DsGl; NebNelluc's ghost, amateur GnCK


Innate Abilities, Weirdness & Mutations

Your experience applies equally to all skills.
You have very sharp teeth.
Your uncanny sense of smell can sniff out nearby items.


Message History

You hear the brisk rusting of a distant drain.
You feel very sick.
Unknown command.
You are too injured to fight recklessly!
Unknown command.
Unknown command.
You are too injured to fight recklessly!
Unknown command.
It was a potion of degeneration.
There was something very wrong with that liquid.
You feel weakened.
You feel dopey.
You feel clumsy.
You feel very sick.
The kobold throws a curare-tipped dart.
The curare-tipped dart hits you.
You are more poisoned.
You have difficulty breathing.
* * * LOW HITPOINT WARNING * * *
You feel as though you will be slow longer.
Unknown command.
It was a potion of invisibility.
You fade into invisibility!
You die...

∆... # #.##.( ∆
.##.##.##.#
......##(#
#.##.#..' #.......#
## #.......## ..
#.#..##@.## #.
#.#......K#
##.####.#.###.#..#
..
..#......###.#....#
...##.#.##.......#
#.((.
......#.###...####
...#
.........)#......
...
...##.#>#.#.<.###
## ( #.#......##


You could see a kobold.

Vanquished Creatures
  A worker ant (D:2)
  3 adders (D:2)
  A worm (D:3)
  A leopard gecko (D:2)
  3 orcs (D:3)
  A ball python (D:1)
  4 bats
  2 giant cockroaches
  8 goblins
  4 hobgoblins
  11 kobolds
  A quokka (D:2)
  6 frilled lizards
  10 rats
56 creatures vanquished.

Notes
Turn   | Place    | Note
-------+----------+-------------------------------------------
     0 | D:1      | protoss039 the Gnoll Arcane Marksman began the quest for
                  | the Orb.
     0 | D:1      | Reached XP level 1. HP: 17/17 MP: 4/4
   187 | D:1      | Reached XP level 2. HP: 23/23 MP: 5/5
   761 | D:1      | Learned a level 2 spell: Slow
   824 | D:2      | Reached XP level 3. HP: 18/28 MP: 7/7
  1104 | D:2      | Reached skill level 1 in Invocations
  1177 | D:2      | Reached skill level 1 in Short Blades
  1177 | D:2      | Reached skill level 1 in Long Blades
  1177 | D:2      | Reached skill level 1 in Axes
  1177 | D:2      | Reached skill level 1 in Maces & Flails
  1177 | D:2      | Reached skill level 1 in Polearms
  1177 | D:2      | Reached skill level 1 in Staves
  1177 | D:2      | Reached skill level 1 in Slings
  1177 | D:2      | Reached skill level 1 in Crossbows
  1177 | D:2      | Reached skill level 1 in Throwing
  1177 | D:2      | Reached skill level 1 in Armour
  1177 | D:2      | Reached skill level 1 in Stealth
  1177 | D:2      | Reached skill level 1 in Shields
  1177 | D:2      | Reached skill level 1 in Unarmed Combat
  1177 | D:2      | Reached skill level 1 in Evocations
  1177 | D:2      | Reached XP level 4. HP: 34/34 MP: 8/8
  1276 | D:2      | Found a snail-covered altar of Cheibriados.
  1399 | D:2      | Reached skill level 1 in Conjurations
  1399 | D:2      | Reached skill level 1 in Charms
  1399 | D:2      | Reached skill level 1 in Summonings
  1399 | D:2      | Reached skill level 1 in Necromancy
  1399 | D:2      | Reached skill level 1 in Translocations
  1399 | D:2      | Reached skill level 1 in Transmutations
  1399 | D:2      | Reached skill level 1 in Fire Magic
  1399 | D:2      | Reached skill level 1 in Ice Magic
  1399 | D:2      | Reached skill level 1 in Air Magic
  1399 | D:2      | Reached skill level 1 in Earth Magic
  1399 | D:2      | Reached skill level 1 in Poison Magic
  1670 | D:3      | Found a runed translucent gate.
  1670 | D:3      | Found a runed translucent gate.
  1670 | D:3      | Found a runed translucent gate.
  1794 | D:3      | Noticed NebNelluc's ghost (amateur GnCK)
  1794 | D:3      | Noticed Kold's ghost (weakling DsGl)
  1926 | D:3      | Succumbed to kobold's curare-tipped dart

Illustrated notes

Levels and vault maps discovered:
D:1:      scummos_arrival_star, layout_loops_ring, hangedman_decor_lopped
D:2:      layout_rooms, lemuel_round_altar, st_stairs_9
D:3:      layout_loops_cross, gammafunk_temple_overflow_claw,
          nicolae_gozag_cash_rules_everything_around_me,
          gammafunk_ghost_cemetery, gup_sewer_entry_glass

Skill      XL: |  1  2  3  4 |
---------------+-------------+-----
Invocations    | 1 |  1.4
Short Blades   | 1 |  1.2
Long Blades    | 1 |  1.2
Axes           | 1 |  1.2
Maces & Flails | 1 |  1.2
Polearms       | 1 |  1.2
Staves         | 1 |  1.2
Slings         | 1 |  1.2
Crossbows      | 1 |  1.2
Throwing       | 1 |  1.2
Armour         | 1 |  1.2
Stealth        | 1 |  1.2
Shields        | 1 |  1.2
Unarmed Combat | 1 |  1.2
Evocations     | 1 |  1.2
Spellcasting   | 3 |  3.0
Conjurations   | 1 |  1.0
Charms         | 1 |  1.0
Summonings     | 1 |  1.0
Necromancy     | 1 |  1.0
Translocations | 1 |  1.0
Transmutations | 1 |  1.0
Fire Magic     | 1 |  1.0
Ice Magic      | 1 |  1.0
Air Magic      | 1 |  1.0
Earth Magic    | 1 |  1.0
Poison Magic   | 1 |  1.0
Fighting       | |  2.8
Bows           | |  4.7
Dodging        | |  4.7
Hexes          | |  5.5

Action                   |  1- 3 |  4- 6 || total
-------------------------+-------+-------++-------
Melee: Unarmed           |    14 |       ||    14
       Bite              |     4 |     4 ||     8
       Short sword       |    29 |       ||    29
       War axe           |     8 |     4 ||    12
       Dagger            |     1 |    48 ||    49
       Punch             |       |     1 ||     1
 Fire: Shortbow          |    72 |    43 ||   115
 Cast: Corona            |       |     3 ||     3
       Slow              |       |     1 ||     1
  Use: Potion            |       |     2 ||     2
  Eat: Chunk             |     1 |     2 ||     3
Armor: Robe              |     7 |       ||     7
       Ring mail         |    17 |    26 ||    43
Dodge: Dodged            |    51 |    41 ||    92
